 Dungeon Crawl Stone Soup version 0.29.1 (webtiles) character file.

Game seed: 8456567087419733794

676 masschaos23 the Covert (level 7, -7/46 HPs)
             Began as an Octopode Brigand on Sept 13, 2022.
             Splashed by a jelly's acid (9 damage)
             ... on level 5 of the Dungeon.
             The game lasted 00:19:30 (4589 turns).

masschaos23 the Covert (Octopode Brigand)           Turns: 4589, Time: 00:19:31

Health: -7/46      AC: -3    Str: 10    XL:     7   Next: 60%
Magic:  7/7        EV: 18    Int: 13    God:
Gold:   154        SH:  0    Dex: 22    Spells: 6/6 levels left

rFire   . . .      SeeInvis +   a - +2 dagger
rCold   . . .      Faith    .   (no shield)
rNeg    . . .      Spirit   .   (helmet restricted)
rPois   .          Reflect  .   (no amulet)
rElec   .          Harm     .   g - +6 ring of dexterity
rCorr   .          Rampage  .   l - +4 ring of evasion
Will    +....                   t - ring of see invisible
Stlth   +++++.....              m - ring of willpower
HPRegen 0.15/turn               (no ring)
MPRegen 0.10/turn               (no ring)
                                (no ring)
                                (no ring)

@: corroded
A: almost no armour, amphibious, 8 rings, camouflage 1, gelatinous body 1,
(nimble swimmer 1), tentacles
a: no special abilities


You were on level 5 of the Dungeon.
You visited 1 branch of the dungeon, and saw 5 of its levels.

You collected 154 gold pieces.

Inventory:

Hand Weapons
 a - a +2 dagger (weapon)
 r - a +2 demon blade of draining
Missiles
 b - 10 poisoned darts
 u - 3 atropa-tipped darts (quivered)
 y - a throwing net
Armour
 o - a +0 plate armour
Jewellery
 g - a +6 ring of dexterity (left tentacle)
 j - an amulet of faith
 l - a +4 ring of evasion (right tentacle)
 m - a ring of willpower (on tentacle)
 t - a ring of see invisible (on tentacle)
Wands
 k - a wand of digging (3)
Scrolls
 d - 4 scrolls of noise
 e - 2 scrolls of enchant armour
 f - 2 scrolls of identify
 h - a scroll of immolation {unknown}
 i - a scroll of teleportation {unknown}
 p - a scroll of brand weapon {unknown}
 q - a scroll of blinking {unknown}
 x - a scroll of poison {unknown}
 A - a scroll of magic mapping
Potions
 n - a potion of mutation {unknown}
 s - a potion of haste {unknown}
 v - 2 potions of berserk rage {unknown}
 w - a potion of curing {unknown}
 z - 2 potions of degeneration {unknown}


   Skills:
 + Level 3.3 Fighting
 + Level 4.1 Short Blades
 + Level 4.1 Throwing
 + Level 2.1 Dodging
 + Level 8.9 Stealth


You had 6 spell levels left.
You didn't know any spells.
Your spell library contained the following spells:

 Spells                   Type           Power      Damage    Failure   Level
 Summon Small Mammal      Summ           0%         N/A       30%         1
 Call Canine Familiar     Summ           0%         N/A       67%         3
 Haunt                    Necr/Summ      0%         N/A       100%        7
 Summon Horrible Things   Summ           0%         N/A       100%        8


Dungeon Overview and Level Annotations

Branches:
Dungeon (5/15)
 Temple: D:4-7

Altars:
Qazlal

Shops:
D:2 (

Annotations:
D:3 Natasha


Innate Abilities, Weirdness & Mutations

You cannot wear most types of armour.
You are amphibious.
You can wear up to eight rings at the same time.
Your skin changes colour to match your surroundings (Stealth+).
Your rubbery body absorbs attacks. (AC +1, EV +1)
((You are camouflaged when in or above water. (Stealth+)))
You have tentacles for arms and can constrict up to eight enemies at once.


Message History

The orc misses you.
You hit the orc but do no damage. You squeeze the orc, but do no damage.
The orc is heavily wounded.
You constrict the orc, but do no damage.
The orc barely misses you.
You hit the orc but do no damage.
The orc is heavily wounded.
You constrict the orc. The orc misses you.
You hit the orc. You squeeze the orc, but do no damage.
The orc is almost dead.
You constrict the orc.
You kill the orc!
You barely miss the jelly.
You squeeze the jelly, but do no damage.
You hit the jelly.
Your tentacles burn!
You squeeze the jelly.
The jelly is moderately wounded.
You hear the slow hiss of a distant avalanche of sand.
The jelly hits you.
You are splashed with acid.
You hit the jelly.
Your tentacles burn!
The jelly is heavily wounded.
The jelly hits you.
You are splashed with acid!
Throw: 4 darts (atropa)
Press: ? - help, Q - select action, (/) - cycle Shift-Dir - straight line, f - jelly
Aim: a jelly (heavily wounded, 91% to hit, chance to blind on hit: 91%)
You throw an atropa-tipped dart. The atropa-tipped dart hits the jelly!
The jelly resists.
The jelly is heavily wounded.
The jelly hits you. The acid corrodes you!
You are splashed with acid!
You hit the jelly.
Your tentacles burn!
The jelly is heavily wounded.
The jelly hits you.
* * * LOW HITPOINT WARNING * * *
The acid corrodes you!
You are splashed with acid!
* * * LOW HITPOINT WARNING * * *
As you read the scroll of identify, it crumbles to dust.
A - a scroll of magic mapping The jelly hits you.
* * * LOW HITPOINT WARNING * * *
The acid corrodes you!
You are splashed with acid!
You die...

#....# #..## #....#
#...# #....#
+#.#...... #....#
##..##.##.#
#....####....###..#
###..'....###....#
.####....###..#
##(.##.##.##
+#.#..@...#
#...#J#...+ #..##h#
### #.##.(. #.#
.... #+#######


You could see a hound and a jelly.

Vanquished Creatures
  Sigmund (D:2)
  2 ogres (D:5)
  A centaur (D:5)
  An iguana (D:5)
  Natasha (D:3)
  11 gnolls
  2 adders
  A shadow imp (D:4)
  A white imp (D:5)
  3 worms
  2 dart slugs
  An orc (D:5)
  6 ball pythons
  A bat (D:1)
  6 endoplasms
  5 giant cockroaches
  6 goblins
  8 hobgoblins
  5 jackals (D:3)
  5 kobolds
  A quokka (D:4)
  2 frilled lizards (D:1)
  A rat (D:1)
73 creatures vanquished.

Notes
Turn   | Place    | Note
-------+----------+-------------------------------------------
     0 | D:1      | masschaos23 the Octopode Brigand began the quest for the
                  | Orb.
     0 | D:1      | Reached XP level 1. HP: 14/14 MP: 1/1
    53 | D:1      | Found a faded altar of an unknown god.
   406 | D:1      | Reached XP level 2. HP: 19/19 MP: 2/2
   541 | D:1      | Got Woucukeh's Almanac of Production
  1009 | D:2      | Found a stormy altar of Qazlal.
  1087 | D:2      | Noticed Sigmund
  1094 | D:2      | Killed Sigmund
  1095 | D:2      | Reached skill level 7 in Stealth
  1095 | D:2      | Reached XP level 3. HP: 25/25 MP: 3/3
  1095 | D:2      | Reached XP level 4. HP: 30/30 MP: 4/4
  1095 | D:2      | Reached XP level 5. HP: 35/35 MP: 5/5
  1218 | D:2      | Reached skill level 8 in Stealth
  1220 | D:2      | Reached XP level 6. HP: 10/41 MP: 6/6
  2252 | D:2      | Found Qivytu's Antique Weapon Shoppe.
  2668 | D:3      | Noticed Natasha
  2678 | D:3      | Killed Natasha
  3325 | D:3      | Noticed Natasha
  4157 | D:4      | Found a stormy altar of Qazlal.
  4324 | D:5      | Entered Level 5 of the Dungeon
  4343 | D:5      | Reached XP level 7. HP: 40/46 MP: 7/7
  4589 | D:5      | HP: 2/46 [jelly (2)]
  4589 | D:5      | Splashed by a jelly's acid

Illustrated notes

Levels and vault maps discovered:
D:1:      reono_arrival_forest_river, layout_loops_cross,
          hellmonk_ecumenical_altar_arch_garden
D:2:      layout_loops_ring, basic_altar, serial_co_window_serial,
          co_window_corner_a, co_window_corner_a, co_window_paths_a,
          co_window_of_opportunity_a, co_window_paths_b, co_window_paths_b,
          co_window_paths_b, co_window_broadway_c, co_window_of_opportunity_b,
          co_window_cross_4, co_window_corner_b, co_window_of_opportunity_b,
          co_window_unsneaky_path_a, co_window_corner_b, co_window_4corner_b,
          glass_columns_b, serial_shops, nicolae_shop_statue_plus, uniq_sigmund
D:3:      layout_loops_ring, uniq_natasha
D:4:      kennysheep_spiral_hall, layout_rooms, nicolae_qazlal_eye_of_the_storm
D:5:      layout_rooms, nicolae_ossuary_entry_false_entrances, minmay_pentangle

Skill      XL: |  1  2  3  4  5  6  7 |
---------------+----------------------+-----
Stealth        | 7 8 |  8.9
Short Blades   | 3 4 |  4.1
Throwing       | 3 4 |  4.1
Fighting       | 3 |  3.3
Dodging        | 2 |  2.1

Action                   |  1- 3 |  4- 6 |  7- 9 || total
-------------------------+-------+-------+-------++-------
Melee: Dagger            |    31 |    83 |    29 ||   143
       Constrict         |     8 |    22 |     3 ||    33
       Tentacles         |     4 |    22 |    12 ||    38
       Punch             |       |     1 |       ||     1
Throw: Dart              |     4 |    52 |    11 ||    67
       Throwing net      |       |       |     1 ||     1
  Use: Scroll            |       |     3 |     1 ||     4
       Potion            |       |     1 |       ||     1
 Stab: Sleeping          |     5 |     4 |       ||     9
       Invisible         |       |     2 |     2 ||     4
Armor: Skin              |       |     4 |     3 ||     7
Dodge: Dodged            |    10 |    50 |    38 ||    98
